 Dungeon Crawl Stone Soup version 0.20.1-1-g8b1a95d (webtiles) character file.

71 equalderp2856 the Skirmisher (level 4, -2/35 HPs)
             Began as a Mummy Fighter on July 15, 2017.
             Slain by Crazy Yiuf
             ... wielding a +4 quarterstaff of chaos
              (6 damage)
             ... on level 2 of the Dungeon.
             The game lasted 00:04:41 (2074 turns).

equalderp2856 the Skirmisher (Mummy Fighter)        Turns: 2074, Time: 00:04:42

Health: -2/35      AC:  6    Str: 20    XL:     4   Next: 5%
Magic:  4/4        EV:  7    Int:  7    God:
Gold:   66         SH:  9    Dex: 11    Spells: 3/3 levels left

rFire    x . .     SeeInvis .   a - +0 long sword
rCold    + . .     Gourm    .   c - +0 shield
rNeg     + + +     Faith    .   b - +0 scale mail
rPois    ∞         Spirit   .   (no helmet)
rElec    .         Reflect  .   (no cloak)
rCorr    .         Harm     .   (no gloves)
MR       .....                  (no boots)
Stlth    ..........             (no amulet)
Regen    0.2/turn               (no ring)
MPRegen  0.1/turn               (no ring)

@: no status effects
A: no food or potions, fire vulnerability, cold resistance 1, negative energy
resistance 3, torment resistance, unbreathing
a: no special abilities


You were on level 2 of the Dungeon.
You were not hungry.

You visited 1 branch of the dungeon, and saw 2 of its levels.

You collected 66 gold pieces.

Inventory:

Hand Weapons
 a - a +0 long sword (weapon)
Missiles
 e - 7 javelins (quivered)
 f - 23 arrows
 j - 12 sling bullets
 n - 8 needles of confusion
Armour
 b - a +0 scale mail (worn)
 c - a +0 shield (worn)
Jewellery
 m - an uncursed amulet of the gourmand {unknown}
Scrolls
 d - 2 scrolls of remove curse {unknown}
 g - a scroll of amnesia {unknown}
 h - a scroll of enchant weapon {unknown}
 i - 2 scrolls of identify {unknown}
 k - a scroll of noise {unknown}
 l - a scroll of recharging {unknown}


   Skills:
 + Level 3.5 Fighting
 + Level 2.4 Long Blades
 + Level 2.8 Armour
 + Level 0.4 Dodging
 + Level 2.7 Shields


You had 3 spell levels left.
You didn't know any spells.

Dungeon Overview and Level Annotations

Branches:
Dungeon (2/15)

Altars:
Uskayaw

Annotations:
D:2 Crazy Yiuf


Innate Abilities, Weirdness & Mutations

You do not eat or drink.
Your flesh is vulnerable to fire.
You are immune to poison.
Your flesh is cold resistant. (rC+)
You are immune to negative energy. (rN+++)
You are immune to unholy pain and torment.
You can survive without breathing.


Message History

Crazy Yiuf hits you with a quarterstaff of chaos!
Crazy Yiuf freezes you.
* * * LOW HITPOINT WARNING * * *
You barely miss Crazy Yiuf.
Crazy Yiuf is moderately wounded.
Crazy Yiuf hits you with a quarterstaff of chaos.
* * * LOW HITPOINT WARNING * * *
Crazy Yiuf burns you.
* * * LOW HITPOINT WARNING * * *
Crazy Yiuf twirls on the spot.
Crazy Yiuf grits, "Mama green sow!"
A ball python comes into view.
The ball python hisses angrily.
Okay, then.
Unknown command.
You barely miss Crazy Yiuf.
Crazy Yiuf is moderately wounded.
Crazy Yiuf says, "Candle!
Defame pontify arm."
Crazy Yiuf hits you with a quarterstaff of chaos.
You die...

#....#### ♣P...♣ #....
#....## ##..## #...# #.....#
##....###...# #.....#
#..........## ########.#
#.......[..## #.## #.##
####........# #..## #..#
#((8.8.8.# #...#####.###
##.(......#
#.#..S>.#@g.####..((.....#
#.#####...........#.!...).
#.# ######....#.#_)..... #.#
##.....#.%....# ##.#####
#............. #..!...#
#............. ######.#
###)###..8.8.8.# ##### #.#
##...#...........
#...###.####..#...#.....##.#


You could see Crazy Yiuf.

Vanquished Creatures
  An adder (D:2)
  2 oozes (D:1)
  A worm (D:2)
  A dart slug (D:1)
  A leopard gecko (D:2)
  A ball python (D:1)
  9 bats
  2 giant cockroaches (D:1)
  3 goblins
  3 hobgoblins
  5 jackals
  7 frilled lizards
  3 kobolds
  8 rats
47 creatures vanquished.

Notes
Turn   | Place    | Note
-------+----------+-------------------------------------------
     0 | D:1      | equalderp2856 the Mummy Fighter began the quest for the Orb.
     0 | D:1      | Reached XP level 1. HP: 18/18 MP: 1/1
   145 | D:1      | Reached XP level 2. HP: 17/24 MP: 2/2
   926 | D:1      | Reached XP level 3. HP: 29/29 MP: 3/3
  1440 | D:2      | Found a hide-covered altar of Uskayaw.
  1454 | D:2      | Found a runed door.
  1790 | D:2      | Reached XP level 4. HP: 34/35 MP: 4/4
  2024 | D:2      | Noticed Crazy Yiuf
  2074 | D:2      | Slain by Crazy Yiuf

Skill      XL: |  1  2  3 |
---------------+----------+-----
Long Blades    | 2 |  2.4
Fighting       | |  3.5
Armour         | |  2.8
Dodging        | |  0.4
Shields        | |  2.7

Action                   |  1- 3 |  4- 6 || total
-------------------------+-------+-------++-------
Melee: Long sword        |   105 |    14 ||   119
Armor: Scale mail        |    71 |     8 ||    79
Dodge: Dodged            |    40 |     3 ||    43
Block: Shield            |    82 |    10 ||    92
       Rpst.: Long sword |    16 |       ||    16
